[Event "Titled Tuesday Blitz July 18 Early 2023"]
[White "Da Silva Junior, Sediney Mari"]
[Black "Molina, Roberto Junio Brito"]
[WhiteFideId "2132079"]
[BlackFideId "2109450"]
[WhiteElo "2210"]
[BlackElo "2880"]
[Result "0-1"]
[Round "6"]
[TimeControl "180+2"]
[Date "2023.07.18"]
[WhiteClock "0:00:26"]
[BlackClock "0:00:31"]
[Board "94"]

1. e4 c5 2. c3 Nf6 3. e5 Nd5 4. Nf3 d6 5. d4 cxd4 6. cxd4 e6 7. Bc4 Nc6 8. O-O Be7 9. Qe2 O-O 10. Nc3 Nxc3 11. bxc3 dxe5 12. Nxe5 Nxe5 13. Qxe5 Bf6 14. Qh5 Bd7 15. Bd3 g6 16. Qf3 Bc6 17. Qh3 Rc8 18. Bh6 Re8 19. Rfe1 Qa5 20. Rec1 Bg5 21. f4 Bf6 22. Qg3 Bd5 23. f5 exf5 24. Bxf5 Rxc3 25. Qxc3 Qxc3 26. Rxc3 Bxd4+ 27. Re3 Rxe3 28. Bxe3 Bxe3+ 29. Kf1 gxf5 30. a4 a5 31. g3 b6 32. Rd1 Bb3 33. Rd8+ Kg7 0-1


[Site "https://www.chess.com"]

[Event "Titled Tuesday Blitz July 18 Early 2023"]
[White "Schmakel, Sam"]
[Black "Estrada Nieto, Julian"]
[WhiteFideId "2039311"]
[BlackFideId "5101018"]
[WhiteElo "2753"]
[BlackElo "2518"]
[Result "1-0"]
[Round "6"]
[TimeControl "180+2"]
[Date "2023.07.18"]
[WhiteClock "0:00:13"]
[BlackClock "0:00:12"]
[Board "95"]

1. d4 d5 2. Bf4 Nf6 3. e3 c5 4. Nf3 Nc6 5. Nbd2 cxd4 6. exd4 Qb6 7. Nb3 Bf5 8. c3 e6 9. a4 a6 10. h3 Be7 11. Be2 O-O 12. O-O Ne4 13. Re1 Bd6 14. Bxd6 Nxd6 15. a5 Qc7 16. Bf1 Rfe8 17. Ne5 Ne4 18. f3 Ng3 19. Nxc6 Qxc6 20. Nc5 Nxf1 21. Rxf1 b6 22. axb6 Qxb6 23. b4 a5 24. Qa4 Qd6 25. bxa5 Bxh3 26. a6 Qg3 27. Rf2 Re7 28. Qc6 Rea7 29. Rb1 h5 30. Rb7 Bf5 31. Rxa7 Rxa7 32. Qb6 Qc7 33. Qxc7 Rxc7 34. Nb7 Rxc3 35. Ra2 Rc1+ 36. Kh2 Bb1 37. a7 Bxa2 38. a8=Q+ Kh7 39. Qxa2 Rc7 40. Nc5 g6 41. Qe2 Kg8 42. Qe5 Ra7 43. g4 Ra2+ 44. Kg3 hxg4 45. fxg4 Ra3+ 46. Kh4 Ra2 47. Nd7 Rf2 48. Nf6+ Kf8 49. g5 Rf5 50. Qb8+ Kg7 51. Qg8# 1-0


[Site "https://www.chess.com"]

[Event "Titled Tuesday Blitz July 18 Early 2023"]
[White "Volovich, Vasily"]
[Black "Santos Flores, Alberto"]
[WhiteFideId "34169676"]
[BlackFideId "3601234"]
[WhiteElo "2747"]
[BlackElo "2514"]
[Result "1/2-1/2"]
[Round "6"]
[TimeControl "180+2"]
[Date "2023.07.18"]
[WhiteClock "0:00:09"]
[BlackClock "0:00:16"]
[Board "96"]

1. e4 e6 2. d4 d5 3. Bd3 dxe4 4. Bxe4 Nf6 5. Bf3 Bd6 6. Na3 Nbd7 7. Nc4 O-O 8. Ne2 e5 9. Bg5 h6 10. Bxf6 Qxf6 11. O-O exd4 12. Nxd6 Qxd6 13. Nxd4 Ne5 14. Re1 Nxf3+ 15. Nxf3 Qxd1 16. Raxd1 Bg4 17. Re7 Rfd8 18. Rxd8+ Rxd8 19. Ne1 Rd7 20. Rxd7 Bxd7 21. f4 Be6 22. a3 Bf5 23. Kf2 Kf8 24. Ke3 Ke7 25. Kd4 Kd6 26. b4 b6 27. c3 c5+ 28. Kc4 Kc6 29. Nf3 f6 30. bxc5 bxc5 31. g3 Be4 32. Nd2 Bd5+ 33. Kd3 Be6 34. c4 Bf5+ 35. Ne4 Bg6 36. g4 Bh7 37. f5 Bg8 38. h4 Bf7 39. g5 hxg5 40. hxg5 fxg5 41. Nxg5 Bg8 42. Ne4 Bf7 43. Ng5 Bg8 44. Kc3 Kd6 45. Ne4+ Ke5 46. Nxc5 Kf6 47. Kd4 Kxf5 48. Ne4 Kf4 49. c5 Bh7 50. Nd6 Bg8 51. c6 Be6 52. c7 g5 53. Ne4 g4 54. Nf6 g3 55. Nh5+ Kf3 56. Nxg3 Kxg3 57. Kc5 Kf4 58. Kc6 Bc8 59. a4 Ke5 60. a5 Ke6 61. Kc5 Kd7 62. Kd4 Kxc7 63. Kc3 Kc6 64. Kb2 Kb5 65. Ka1 Kxa5 66. Kb1 Kb4 67. Ka1 a5 68. Kb1 a4 69. Ka1 a3 70. Kb1 Kb3 71. Ka1 a2 1/2-1/2


[Site "https://www.chess.com"]

[Event "Titled Tuesday Blitz July 18 Early 2023"]
[White "Michalczak, Thomas"]
[Black "Begmuratov, Alisher"]
[WhiteFideId "4622634"]
[BlackFideId "14203367"]
[WhiteElo "2517"]
[BlackElo "2660"]
[Result "0-1"]
[Round "6"]
[TimeControl "180+2"]
[Date "2023.07.18"]
[WhiteClock "0:00:26"]
[BlackClock "0:02:14"]
[Board "97"]

1. e4 c6 2. d4 d5 3. Nc3 dxe4 4. Nxe4 Nf6 5. Nxf6+ exf6 6. c3 Bd6 7. Bd3 O-O 8. Qc2 g6 9. h4 h5 10. Ne2 f5 11. Bg5 Qc7 12. O-O-O Nd7 13. g3 Re8 14. Nf4 Nf8 15. Kb1 Ne6 16. Nxe6 Bxe6 17. Rhe1 Bd5 18. Qd2 Bf3 19. Rxe8+ Rxe8 20. Re1 Be4 21. Ka1 Qd7 22. Bc4 Bd5 23. Bxd5 cxd5 24. Rxe8+ Qxe8 25. Qe3 Qe4 26. a3 Kg7 27. Bh6+ Kh7 28. Bf4 Bxf4 29. Qxf4 Qxf4 30. gxf4 f6 31. b3 g5 32. fxg5 fxg5 0-1


[Site "https://www.chess.com"]

[Event "Titled Tuesday Blitz July 18 Early 2023"]
[White "Goryachkina, Aleksandra"]
[Black "ElenGajger"]
[WhiteFideId "4147103"]
[WhiteElo "2639"]
[BlackElo "2510"]
[Result "1-0"]
[Round "6"]
[TimeControl "180+2"]
[Date "2023.07.18"]
[WhiteClock "0:00:06"]
[BlackClock "0:00:23"]
[Board "98"]

1. e4 c5 2. Nf3 g6 3. c4 Bg7 4. d4 cxd4 5. Nxd4 Nc6 6. Be3 Nf6 7. Nc3 O-O 8. Be2 d6 9. f3 Bd7 10. O-O Nxd4 11. Bxd4 a5 12. Qd2 Bc6 13. Rab1 Nd7 14. Bf2 a4 15. Rfc1 Qa5 16. Rc2 Nc5 17. b4 axb3 18. axb3 Bxc3 19. Qxc3 Qxc3 20. Rxc3 Ra3 21. Bd1 Rfa8 22. Kf1 Kg7 23. b4 Rxc3 24. Bd4+ e5 25. Bxc3 Na4 26. Ra1 Nb6 27. c5 Rxa1 28. Bxa1 Nd7 29. cxd6 Bb5+ 30. Kf2 Kf6 31. Bb3 Nb6 32. f4 Nc4 33. fxe5+ Ke6 34. Bc3 Kd7 35. Kg3 h6 36. h4 b6 37. Kf3 Ke6 38. Kf4 Kd7 39. g3 Ke6 40. Kg4 Kd7 41. h5 Ke6 42. hxg6 fxg6 43. Kf4 Kd7 44. g4 Ke6 45. Kf3 Kd7 46. Kf2 Ke6 47. Bd4 Kd7 48. Bxc4 Bxc4 49. Bxb6 Ke6 50. Bd4 Bb5 51. Kg3 Bc6 52. Kf4 Bb5 53. Ke3 Bc6 54. Bc3 h5 55. gxh5 gxh5 56. Kd4 h4 57. Be1 h3 58. Bg3 Bb7 59. b5 Kd7 60. b6 Ke6 61. Kc5 Kd7 62. Kd4 Ke6 63. Ke3 Kd7 64. Kf4 Ke6 65. Bh2 Kd7 66. Kf5 Bc8 67. Kf6 Kc6 68. e6 Kxb6 69. d7 1-0


[Site "https://www.chess.com"]

[Event "Titled Tuesday Blitz July 18 Early 2023"]
[White "Der_Balak_3Halak"]
[Black "Borgaonkar Akshay"]
[BlackFideId "25639110"]
[WhiteElo "2481"]
[BlackElo "2625"]
[Result "1/2-1/2"]
[Round "6"]
[TimeControl "180+2"]
[Date "2023.07.18"]
[WhiteClock "0:00:05"]
[BlackClock "0:01:02"]
[Board "99"]

1. c3 h6 2. d4 d5 3. Bf4 Bf5 4. Nf3 e6 5. h3 Nf6 6. Nbd2 Bd6 7. Ne5 Nbd7 8. Ndf3 Ne4 9. e3 f6 10. Nxd7 Qxd7 11. Bxd6 Qxd6 12. Bd3 O-O-O 13. Qe2 g5 14. Nd2 Nxd2 15. Qxd2 Bxd3 16. Qxd3 f5 17. h4 gxh4 18. Rxh4 Rhg8 19. g3 Rxg3 20. O-O-O Rg6 21. Rdh1 Rg2 22. Qf1 Rdg8 23. Rxh6 R2g7 24. Rh7 Qf8 25. Qh3 Qf6 26. Qh2 Qf7 27. Rh8 b6 28. Kc2 Rg2 29. Qxg2 Rxh8 30. Rxh8+ Kb7 31. Qg8 Qf6 32. Qa8+ Ka6 33. Qc8+ Ka5 34. Rh1 f4 35. b4+ Kb5 36. Qd7+ Ka6 37. e4 Qg6 38. Kb3 Qxe4 39. b5+ Ka5 40. Qxc7 a6 41. bxa6 Qxh1 42. a7 Qb1+ 43. Ka3 Qc1+ 44. Kb3 Qb1+ 45. Ka3 Qc1+ 46. Kb3 Qd1+ 47. Kb2 Qd2+ 48. Kb1 Qd1+ 49. Kb2 Qd2+ 50. Ka3 Qc1+ 1/2-1/2


[Site "https://www.chess.com"]

[Event "Titled Tuesday Blitz July 18 Early 2023"]
[White "Belov, Alexei"]
[Black "Gaal, Zsoka"]
[WhiteFideId "4128206"]
[BlackFideId "777765"]
[WhiteElo "2621"]
[BlackElo "2439"]
[Result "1-0"]
[Round "6"]
[TimeControl "180+2"]
[Date "2023.07.18"]
[WhiteClock "0:00:11"]
[BlackClock "0:00:00"]
[Board "100"]

1. e4 e5 2. Nf3 d6 3. d4 exd4 4. Nxd4 Nf6 5. Nc3 g6 6. Bc4 Bg7 7. O-O O-O 8. h3 Nc6 9. Nxc6 bxc6 10. Re1 Nd7 11. Be3 Ne5 12. Bb3 Be6 13. f4 Nc4 14. Bxc4 Bxc4 15. Bd4 c5 16. Bxg7 Kxg7 17. f5 Qf6 18. Qf3 Rae8 19. b3 Ba6 20. Nd5 Qd4+ 21. Kh1 Bb7 22. f6+ Kh8 23. Rad1 Qe5 24. Nxc7 Rc8 25. Nd5 Bxd5 26. exd5 Qg5 27. Re7 c4 28. b4 c3 29. a3 Rc4 30. Rde1 h6 31. Re8 Rxe8 32. Rxe8+ Kh7 33. Re7 Kg8 34. Qe2 Rd4 35. Rxa7 Qc1+ 36. Kh2 Qf4+ 37. Kg1 Qxf6 38. Ra8+ Kg7 39. Kh2 Rd2 40. Qe3 Qe5+ 41. Qxe5+ dxe5 42. Rc8 Rxc2 43. d6 Rd2 44. Rxc3 Rxd6 45. b5 e4 46. a4 f5 47. a5 f4 48. b6 e3 49. b7 Rd8 50. Rc8 1-0


[Site "https://www.chess.com"]

[Event "Titled Tuesday Blitz July 18 Early 2023"]
[White "Tregubov, Pavel V."]
[Black "Chitlange Sakshi"]
[WhiteFideId "4115341"]
[BlackFideId "35002899"]
[WhiteElo "2618"]
[BlackElo "2439"]
[Result "1-0"]
[Round "6"]
[TimeControl "180+2"]
[Date "2023.07.18"]
[WhiteClock "0:00:08"]
[BlackClock "0:00:05"]
[Board "101"]

1. e4 c6 2. Nf3 d5 3. Nc3 dxe4 4. Nxe4 Nf6 5. Qe2 Nxe4 6. Qxe4 Qa5 7. b4 Qd5 8. Qf4 Qf5 9. d3 e5 10. Qxf5 Bxb4+ 11. Bd2 Bxd2+ 12. Kxd2 Bxf5 13. Nxe5 Nd7 14. Nc4 Ke7 15. Na5 Rab8 16. Rb1 Nc5 17. Be2 Kd6 18. Bf3 Bd7 19. d4 Ne6 20. Nxb7+ Kc7 21. Nc5 Nxc5 22. dxc5 Be6 23. Kc3 a5 24. a3 Rhd8 25. Rxb8 Rxb8 26. Rd1 Rb5 27. Kd4 Rb2 28. Be4 Ra2 29. Ke5 Rxa3 30. Rd6 Bd7 31. Bxh7 Rc3 32. Kd4 Ra3 33. Bd3 Ra1 34. Kc3 a4 35. Rd4 Rg1 36. g3 a3 37. Ra4 Rg2 38. f4 Rxh2 39. Rxa3 Rg2 40. Ra7+ Kd8 41. Kd4 Rxg3 42. Ke5 Ke7 43. Bf5 f6+ 44. Kd4 1-0


[Site "https://www.chess.com"]

[Event "Titled Tuesday Blitz July 18 Early 2023"]
[White "Cheer_Down"]
[Black "Vaibhav Jayant Raut"]
[BlackFideId "5089034"]
[WhiteElo "2457"]
[BlackElo "2603"]
[Result "0-1"]
[Round "6"]
[TimeControl "180+2"]
[Date "2023.07.18"]
[WhiteClock "0:00:17"]
[BlackClock "0:00:02"]
[Board "102"]

1. e4 c6 2. d4 d5 3. exd5 cxd5 4. c4 Nf6 5. Nc3 Nc6 6. Bg5 e6 7. Nf3 Bb4 8. cxd5 Qxd5 9. Bxf6 gxf6 10. Bd3 Rg8 11. O-O Bxc3 12. bxc3 Bd7 13. Re1 O-O-O 14. Bxh7 Rg7 15. Be4 Qh5 16. Nd2 Qh6 17. Nc4 Rh8 18. g3 Qxh2+ 19. Kf1 f5 20. Bg2 f4 21. Qb3 fxg3 22. Nd6+ Kc7 23. Qxb7+ Kxd6 24. Bxc6 Qxf2# 0-1


[Site "https://www.chess.com"]

[Event "Titled Tuesday Blitz July 18 Early 2023"]
[White "Petrosian, Karlen"]
[Black "Zacurdajev, Dmitry"]
[WhiteFideId "4176146"]
[BlackFideId "4196309"]
[WhiteElo "2597"]
[BlackElo "2436"]
[Result "1-0"]
[Round "6"]
[TimeControl "180+2"]
[Date "2023.07.18"]
[WhiteClock "0:00:23"]
[BlackClock "0:00:00"]
[Board "103"]

1. e4 c6 2. Nf3 d5 3. d3 e6 4. c3 Nf6 5. e5 Nfd7 6. d4 c5 7. Bd3 Nc6 8. a3 a6 9. b4 cxd4 10. cxd4 Be7 11. O-O Nb6 12. Nc3 Nc4 13. Ne2 Bd7 14. Ng3 b5 15. Qe2 Qb6 16. Be3 a5 17. Nh5 g6 18. Nf6+ Bxf6 19. exf6 Ra7 20. bxa5 Rxa5 21. Rfc1 Rxa3 22. Bxc4 Rxa1 23. Rxa1 bxc4 24. Ra8+ Nd8 25. h4 Bc6 26. Ra1 Qb3 27. Ne5 Bb5 28. Qe1 O-O 29. Bd2 Nc6 30. Rb1 Qa4 31. Qe3 1-0


[Site "https://www.chess.com"]

[Event "Titled Tuesday Blitz July 18 Early 2023"]
[White "Herzog2012"]
[Black "Przybylski, Wojciech"]
[BlackFideId "1117599"]
[WhiteElo "2428"]
[BlackElo "2588"]
[Result "1-0"]
[Round "6"]
[TimeControl "180+2"]
[Date "2023.07.18"]
[WhiteClock "0:00:06"]
[BlackClock "0:00:08"]
[Board "104"]

1. e4 c5 2. Nf3 d6 3. d4 cxd4 4. Nxd4 Nf6 5. Nc3 a6 6. Bg5 e6 7. f4 Qb6 8. Nb3 Be7 9. Qf3 h6 10. Bh4 Nc6 11. O-O-O g5 12. Bf2 Qc7 13. g3 g4 14. Qe2 Bd7 15. Bg2 e5 16. h3 Rg8 17. hxg4 Bxg4 18. Bf3 h5 19. Bxg4 hxg4 20. Rh6 Qd8 21. Nd5 Nxd5 22. exd5 Na5 23. Kb1 Nxb3 24. axb3 exf4 25. gxf4 Qd7 26. Bh4 Kf8 27. Qf2 Bxh4 28. Qxh4 Qe7 29. Rf6 Qe2 30. Re1 Qxe1+ 31. Qxe1 Re8 32. Qb4 g3 33. Qxd6+ Re7 34. Qd8+ Re8 35. Qd6+ Re7 36. Qc5 g2 37. Qg1 Re1+ 38. Qxe1 g1=Q 39. Qxg1 Rxg1+ 40. Ka2 Rd1 41. c4 Rd4 42. Ka3 Kg7 43. Rb6 Rxf4 44. Rxb7 Rf1 45. Kb4 Kg6 46. Rb6+ Kg5 47. Rxa6 f5 48. Ra8 Rd1 49. Kc5 f4 50. d6 Kf5 51. Kc6 Ke6 52. Re8+ Kf7 53. d7 f3 54. d8=Q f2 55. Qxd1 Kxe8 56. Qe2+ Kf7 57. Qxf2+ Kg6 58. Kd6 Kg5 59. Ke6 Kg4 60. Kf6 Kh3 61. Qg1 Kh4 62. Kf5 Kh3 63. Kf4 Kh4 64. Qh2# 1-0


[Site "https://www.chess.com"]

[Event "Titled Tuesday Blitz July 18 Early 2023"]
[White "Bueno, Alfeu Junior Varela"]
[Black "Sadykov, Ramil"]
[WhiteFideId "2108879"]
[BlackFideId "24113590"]
[WhiteElo "2418"]
[BlackElo "2580"]
[Result "0-1"]
[Round "6"]
[TimeControl "180+2"]
[Date "2023.07.18"]
[WhiteClock "0:00:00"]
[BlackClock "0:00:42"]
[Board "105"]

1. e4 c5 2. Nc3 e6 3. f4 Nc6 4. Nf3 Nge7 5. Bb5 g6 6. e5 Bg7 7. Ne4 O-O 8. Bxc6 Nxc6 9. Nxc5 d6 10. exd6 Qxd6 11. Nd3 b6 12. g3 Ba6 13. Nf2 e5 14. Ne4 Qb4 15. Nc3 exf4 16. Kf2 fxg3+ 17. hxg3 Nd4 18. Re1 Bb7 19. Ne4 Nxf3 20. Qxf3 Rae8 21. d3 f5 22. Bd2 fxe4 0-1


[Site "https://www.chess.com"]

[Event "Titled Tuesday Blitz July 18 Early 2023"]
[White "Buchenau, Frank"]
[Black "Vovk, Orest"]
[WhiteFideId "4604350"]
[BlackFideId "14113490"]
[WhiteElo "2423"]
[BlackElo "2576"]
[Result "0-1"]
[Round "6"]
[TimeControl "180+2"]
[Date "2023.07.18"]
[WhiteClock "0:00:00"]
[BlackClock "0:00:05"]
[Board "106"]

1. e4 g5 2. d4 g4 3. h3 d5 4. exd5 Qxd5 5. hxg4 Bg7 6. Be3 Nc6 7. Nc3 Qa5 8. Bb5 Bd7 9. Ne2 O-O-O 10. a3 a6 11. b4 Qxb5 12. Nxb5 axb5 13. Ng3 Nf6 14. Nf5 Bf8 15. Bg5 Bxf5 16. gxf5 Rxd4 17. Qf3 Ne4 18. Be3 Rc4 19. O-O-O Bg7 20. f6 Bxf6 21. Qf5+ Kb8 22. Qxb5 Rc3 23. Qd5 Nd6 24. Rd3 Rc4 25. b5 Na5 26. Bd4 b6 27. Bxf6 exf6 28. Rdh3 Re8 29. Rxh7 Rc5 30. Qf3 Nac4 31. a4 Ne5 32. Qb3 Ndc4 33. f4 Nd7 34. Rxf7 Rd8 35. Rd1 Kc8 36. Rd4 Nd6 37. Re7 Rh5 38. Rxd6 cxd6 39. Qe6 Kc7 40. a5 Rh1+ 41. Kb2 bxa5 42. b6+ Kc6 43. Qc4+ Kxb6 44. Re6 Nc5 45. Rxf6 Rh5 46. f5 Rh7 47. Qd5 Rb7 48. Rxd6+ Rxd6 49. Qxd6+ Ka7+ 50. Kc1 Na6 51. f6 Nc7 52. Qd4+ Ka6 53. f7 Nb5 54. Qd3 Rxf7 55. Qd5 Rc7 56. Kb2 a4 57. g4 a3+ 58. Kb1 Nc3+ 59. Ka1 Nxd5 0-1


[Site "https://www.chess.com"]

[Event "Titled Tuesday Blitz July 18 Early 2023"]
[White "ArturoCaceres"]
[Black "Gontcharov, Vladislav"]
[BlackFideId "4123492"]
[WhiteElo "2393"]
[BlackElo "2575"]
[Result "1/2-1/2"]
[Round "6"]
[TimeControl "180+2"]
[Date "2023.07.18"]
[WhiteClock "0:00:03"]
[BlackClock "0:00:09"]
[Board "107"]

1. f3 d5 2. Kf2 e5 3. e3 Nf6 4. d4 Nbd7 5. Ne2 c5 6. c3 Bd6 7. h3 O-O 8. Na3 a6 9. Nc2 b5 10. Ng3 Nb6 11. Bd3 Qc7 12. dxc5 Bxc5 13. Bf5 Nc4 14. Qe2 Re8 15. Rd1 Bb7 16. Bd3 Rad8 17. Bxc4 bxc4 18. Nf1 Bb6 19. Kg1 d4 20. Na3 d3 21. Qf2 Nd5 22. Kh1 Re6 23. Qh4 Rc8 24. e4 Ne7 25. Be3 Ng6 26. Qf2 Ba5 27. Bd2 Qe7 28. Qg3 Qf6 29. Ne3 Rec6 30. Nd5 Qe6 31. Be3 h6 32. Bd2 Kh7 33. h4 f5 34. h5 Nf8 35. Qh3 f4 36. Qxe6 Rxe6 37. Nb4 Nd7 38. Kg1 Nf6 39. Kf2 Nxh5 40. Rh1 Ng3 41. Rh3 Bb6+ 42. Ke1 g5 43. Nd5 Bxd5 44. exd5 Rd6 45. b3 cxb3 46. axb3 Rxd5 47. Nc4 Rxc4 48. bxc4 Ra5 49. Rxa5 Bxa5 50. Kd1 Kg6 51. Be1 Nf5 52. Kd2 Nd6 53. Kxd3 Nb7 54. Bf2 h5 55. Rh1 g4 56. Rb1 Nd8 57. Ra1 Bc7 58. Rxa6+ Kf5 59. Bh4 Ne6 60. Rc6 Ba5 61. c5 gxf3 62. gxf3 Ng5 63. Bxg5 Kxg5 64. Ra6 Bd8 65. Ke4 h4 66. Ra1 h3 67. Rg1+ Kh4 68. Rg8 Be7 69. Rg4+ Kh5 70. Rg7 Bg5 71. Kf5 Bh6 72. Rg1 Bf8 73. Rh1 Kh4 74. c6 Bd6 75. Rg1 h2 76. Rh1 Kg3 77. Ke6 Bb8 78. Kd7 Kg2 79. Rb1 h1=Q 80. Rxb8 Qh7+ 81. Kd6 Qg6+ 82. Kc5 Qf7 83. Kb6 Qe6 84. Kb7 Qd5 85. Kb6 Qb3+ 86. Ka7 Qa4+ 87. Kb7 Qb5+ 88. Kc7 Qc4 89. Kd7 Kxf3 90. c7 Qxc3 91. c8=Q Qxc8+ 92. Rxc8 e4 93. Ke6 e3 94. Rc3 Ke2 95. Kf5 f3 96. Ke4 f2 97. Rxe3+ Kd1 98. Rf3 Ke1 99. Re3+ Kd1 100. Rd3+ Ke1 101. Re3+ Kd1 1/2-1/2


[Site "https://www.chess.com"]

[Event "Titled Tuesday Blitz July 18 Early 2023"]
[White "Slovineanu, Viacheslav"]
[Black "Kashlinskaya, Alina"]
[WhiteFideId "13900510"]
[BlackFideId "4198026"]
[WhiteElo "2385"]
[BlackElo "2573"]
[Result "0-1"]
[Round "6"]
[TimeControl "180+2"]
[Date "2023.07.18"]
[WhiteClock "0:00:14"]
[BlackClock "0:01:51"]
[Board "108"]

1. d4 Nf6 2. Nf3 g6 3. Nbd2 Bg7 4. e4 d6 5. Bd3 O-O 6. O-O c5 7. c3 cxd4 8. cxd4 Nc6 9. Re1 e5 10. d5 Ne7 11. a4 Nh5 12. Nc4 Nf4 13. Bf1 f5 14. Bxf4 exf4 15. e5 dxe5 16. d6 e4 17. dxe7 Qxe7 18. Nfd2 Be6 19. Qb3 Rfd8 20. Qa3 Qxa3 21. Rxa3 Rac8 22. b3 Bc3 23. Re2 Bxc4 24. Nxc4 Rd1 25. Rc2 Bb4 26. Raa2 Rcd8 27. h4 Rxf1+ 28. Kh2 Rdd1 0-1


[Site "https://www.chess.com"]

[Event "Titled Tuesday Blitz July 18 Early 2023"]
[White "Li, Hui"]
[Black "Souleidis, Georgios"]
[WhiteFideId "15400310"]
[BlackFideId "4206827"]
[WhiteElo "2364"]
[BlackElo "2565"]
[Result "1-0"]
[Round "6"]
[TimeControl "180+2"]
[Date "2023.07.18"]
[WhiteClock "0:00:01"]
[BlackClock "0:00:00"]
[Board "109"]

1. e4 c5 2. Nf3 e6 3. d4 cxd4 4. Nxd4 Nf6 5. Nc3 Nc6 6. Ndb5 Bc5 7. Bf4 O-O 8. Bc7 Qe7 9. Bd6 Bxd6 10. Qxd6 Qd8 11. O-O-O a6 12. Nd4 Ne7 13. Be2 Ne8 14. Qg3 b5 15. e5 Bb7 16. Bf3 Qb6 17. Kb1 Rc8 18. Rhe1 f5 19. exf6 Nxf6 20. Bxb7 Qxb7 21. f3 Rxc3 22. bxc3 Ned5 23. Ka1 Nxc3 24. Rd3 Nfd5 25. Ne2 Nxe2 26. Rxe2 Qb6 27. Red2 Rc8 28. Qe5 Qg1+ 29. Kb2 Qc5 30. Rxd5 exd5 31. Qxd5+ Qxd5 32. Rxd5 Re8 33. Rxd7 Re2 34. Rd8+ Kf7 35. Rd7+ Kf8 36. g4 Rxh2 37. Ra7 Rf2 38. Rxa6 Rxf3 39. Rb6 Rf4 40. Rxb5 Rxg4 41. Kb3 g6 42. a4 h5 43. a5 Rg1 44. a6 Ra1 45. Rb8+ Kg7 46. Rb7+ Kh6 47. a7 h4 48. Kc4 Kg5 49. Kd3 Kg4 50. Ke2 g5 51. Rh7 Ra2 52. Kd3 Kg3 53. c4 g4 54. c5 h3 55. c6 h2 56. c7 Rxa7 57. c8=Q Rxh7 58. Qb8+ Kg2 59. Qa8+ Kg3 60. Qb8+ Kh3 61. Qb3 g3 62. Kd4 Rh4+ 63. Ke5 1-0


[Site "https://www.chess.com"]

[Event "Titled Tuesday Blitz July 18 Early 2023"]
[White "Becerra, Juan David"]
[Black "Dwilewicz, Katarzyna"]
[WhiteFideId "4404998"]
[BlackFideId "1148486"]
[WhiteElo "2564"]
[BlackElo "2335"]
[Result "1-0"]
[Round "6"]
[TimeControl "180+2"]
[Date "2023.07.18"]
[WhiteClock "0:00:12"]
[BlackClock "0:00:02"]
[Board "110"]

1. e4 c5 2. c3 d5 3. exd5 Qxd5 4. d4 Nf6 5. Be3 e6 6. dxc5 Qxd1+ 7. Kxd1 Ng4 8. b4 a5 9. Bb5+ Bd7 10. Bxd7+ Nxd7 11. Ke2 Nxe3 12. Kxe3 g5 13. a3 Bg7 14. Ra2 f5 15. Nf3 Ke7 16. Nxg5 Ne5 17. f4 Ng4+ 18. Kf3 h6 19. Nxe6 Kxe6 20. Re1+ Kf7 21. Rd2 Rhd8 22. Red1 Rxd2 23. Rxd2 Ke7 24. Rd5 axb4 25. cxb4 Ke6 26. Rd6+ Ke7 27. h3 Nf6 28. Rb6 Ra7 29. Nc3 Nd7 30. Nb5 Nxb6 31. Nxa7 Nc4 32. a4 Bc3 33. c6 bxc6 34. Nxc6+ Kd6 35. b5 Nb6 36. a5 Nc8 37. g4 fxg4+ 38. Kxg4 Kc5 39. a6 Kxb5 40. a7 Nxa7 41. Nxa7+ Kc4 42. Nc6 Kd5 43. Ne7+ Ke6 44. Nf5 Bb4 45. Nxh6 Kf6 46. Nf5 Bf8 47. Ng3 Kg6 48. Ne4 Bg7 49. f5+ Kf7 50. h4 Bh6 51. Ng5+ Kf6 52. Ne4+ Kf7 53. h5 Be3 54. f6 Bd4 55. Kf5 Be3 56. Ng5+ Kf8 57. Kg6 Bxg5 58. Kxg5 Kf7 59. Kf5 Kf8 60. Kg6 Kg8 61. f7+ Kf8 62. h6 Ke7 63. Kg7 1-0


[Site "https://www.chess.com"]

[Event "Titled Tuesday Blitz July 18 Early 2023"]
[White "Moskvin, Anatoly"]
[Black "Shapiro, Daniel"]
[WhiteFideId "24199990"]
[BlackFideId "2001780"]
[WhiteElo "2555"]
[BlackElo "2333"]
[Result "1-0"]
[Round "6"]
[TimeControl "180+2"]
[Date "2023.07.18"]
[WhiteClock "0:00:48"]
[BlackClock "0:00:01"]
[Board "111"]

1. e4 e5 2. Nf3 Nc6 3. Bc4 Be7 4. c3 Nf6 5. d3 d6 6. Bb3 O-O 7. Nbd2 h6 8. h3 Be6 9. Bc2 d5 10. Qe2 Re8 11. Nf1 a5 12. a4 Bc5 13. g4 Nh7 14. Ng3 Qd7 15. Nh4 Rad8 16. Nhf5 Ne7 17. h4 Ng6 18. Qf3 dxe4 19. dxe4 Bc4 20. Nh5 Bf8 21. g5 hxg5 22. hxg5 Ne7 23. Nf6+ Nxf6 24. Qh3 Ng6 25. gxf6 Bc5 26. Qh7+ 1-0


[Site "https://www.chess.com"]

[Event "Titled Tuesday Blitz July 18 Early 2023"]
[White "La Villa Rivas, Marlon Javier"]
[Black "Mortazavi, Ali"]
[WhiteFideId "3519546"]
[BlackFideId "401323"]
[WhiteElo "2257"]
[BlackElo "2521"]
[Result "0-1"]
[Round "6"]
[TimeControl "180+2"]
[Date "2023.07.18"]
[WhiteClock "0:00:52"]
[BlackClock "0:01:37"]
[Board "112"]

1. e4 c6 2. c4 e5 3. Nc3 d6 4. Nf3 Nf6 5. d3 Bg4 6. h3 Bxf3 7. Qxf3 Nbd7 8. g4 Nc5 9. b4 Ne6 10. Be3 g6 11. Bg2 Bg7 12. O-O h5 13. g5 Nd7 14. h4 O-O 15. Qg3 a5 16. b5 Nf4 17. bxc6 bxc6 18. Rfd1 Nc5 19. d4 Na4 20. Bxf4 exf4 21. Qf3 Nxc3 22. Qxc3 c5 23. e5 cxd4 24. Qa3 dxe5 25. Bxa8 Qxa8 26. Re1 e4 27. Qe7 e3 28. Rab1 Qf3 29. Rf1 Qg4+ 0-1


[Site "https://www.chess.com"]

[Event "Titled Tuesday Blitz July 18 Early 2023"]
[White "Wagh Suyog"]
[Black "Zaim, Marian"]
[WhiteFideId "25071688"]
[BlackFideId "1204114"]
[WhiteElo "2801"]
[BlackElo "2313"]
[Result "1-0"]
[Round "6"]
[TimeControl "180+2"]
[Date "2023.07.18"]
[WhiteClock "0:01:01"]
[BlackClock "0:00:08"]
[Board "113"]

1. e4 d6 2. d4 Nf6 3. Nc3 g6 4. f4 Bg7 5. Nf3 O-O 6. Bd3 Na6 7. O-O c5 8. d5 Nc7 9. a4 Rb8 10. Bc4 Nd7 11. Re1 a6 12. a5 b5 13. axb6 Nxb6 14. Bf1 e6 15. dxe6 fxe6 16. Kh1 Qe7 17. Be3 Bb7 18. Ra5 Ra8 19. e5 Rfd8 20. exd6 Rxd6 21. Qa1 Nd7 22. Ne5 Bxe5 23. fxe5 Rc6 24. Ne4 Nxe5 25. b4 Nd7 26. Bxc5 Nxc5 27. bxc5 Nd5 28. Bc4 Qg7 29. Nd6 Qxa1 30. Rexa1 Bc8 31. Rd1 Nc7 32. Rb1 Nd5 33. Kg1 h6 34. Rd1 Ne3 35. Rd4 Nxc4 36. Rxc4 Kg7 37. Rb4 Kf6 38. Rb6 Bd7 39. Rb7 Ke7 40. Kf2 Kd8 41. Ke3 Rac8 42. Kd4 e5+ 43. Kd5 R6c7 44. Rxc7 Rxc7 45. Rxa6 Ke7 46. Ne4 Be6+ 47. Rxe6+ Kf7 48. Nd6+ 1-0


[Site "https://www.chess.com"]

[Event "Titled Tuesday Blitz July 18 Early 2023"]
[White "Arhan_Anand"]
[Black "Harriott, Tyrell"]
[BlackFideId "2086484"]
[WhiteElo "2642"]
[BlackElo "2407"]
[Result "0-1"]
[Round "6"]
[TimeControl "180+2"]
[Date "2023.07.18"]
[WhiteClock "0:00:45"]
[BlackClock "0:01:25"]
[Board "114"]

1. b3 e6 2. Bb2 f5 3. Nf3 Nf6 4. c4 d5 5. e3 Bd6 6. Ba3 Bxa3 7. Nxa3 O-O 8. d4 c6 9. Nb1 Ne4 10. Bd3 Nd7 11. Qc2 b6 12. Nc3 Bb7 13. Ne2 Rc8 14. Ne5 Nxe5 15. dxe5 c5 16. Bxe4 fxe4 17. Nf4 Qg5 18. Qb2 Rxf4 19. exf4 Qxf4 20. cxd5 exd5 21. b4 Ba6 22. Qd2 Qxe5 23. Rd1 Bd3 24. f4 exf3+ 25. Kf2 fxg2 26. Rhe1 Qxh2 27. Ke3 Qg3# 0-1


[Site "https://www.chess.com"]

[Event "Titled Tuesday Blitz July 18 Early 2023"]
[White "KorolDimitriy75"]
[Black "Galiot, Goran"]
[BlackFideId "931560"]
[WhiteElo "2405"]
[BlackElo "2638"]
[Result "0-1"]
[Round "6"]
[TimeControl "180+2"]
[Date "2023.07.18"]
[WhiteClock "0:00:00"]
[BlackClock "0:00:06"]
[Board "115"]

1. d4 Nf6 2. c4 g6 3. Nc3 Bg7 4. e4 d6 5. Nf3 O-O 6. Be2 Nfd7 7. O-O e5 8. Re1 a5 9. Bf1 Nc6 10. d5 Ncb8 11. b3 f5 12. a3 Nc5 13. Nd2 Bh6 14. Rb1 a4 15. b4 Bxd2 16. Bxd2 Nb3 17. Bh6 Rf7 18. Nxa4 Nd4 19. Be3 Qf6 20. Nc3 Rxa3 21. Bxd4 exd4 22. Nb5 fxe4 23. Nxa3 Qxf2+ 24. Kh1 Bf5 25. Re2 Qh4 26. Qxd4 Nd7 27. Rbe1 Nf6 28. Nb5 Ng4 29. h3 Nf6 30. Nc3 Nh5 31. Kg1 Ng3 32. Re3 Qg5 33. Qd2 Bxh3 34. Qc2 Qf4 35. gxh3 Nxf1 36. R3e2 Ng3 37. Rg2 e3 38. Qd3 Nf5 39. Ne4 h6 40. Rf1 Qe5 0-1


[Site "https://www.chess.com"]